 Dungeon Crawl Stone Soup version 0.30-a0-743-gbfdf073431 (webtiles) character file.

Game seed: 11446694719703941875

194 sircluck the Shooter (level 5, -3/26 HPs)
             Began as a Spriggan Hunter on Feb 7, 2023.
             Shot with an arrow by a centaur (14 damage)
             ... on level 3 of the Dungeon.
             The game lasted 00:05:15 (2026 turns).

sircluck the Shooter (Spriggan Hunter)              Turns: 2026, Time: 00:05:16

Health: -3/26      AC:  2    Str:  7    XL:     5   Next: 44%
Magic:  6/6        EV: 18    Int: 11    God:
Gold:   127        SH:  0    Dex: 20    Spells: 4/4 levels left

rFire   . . .      SeeInvis +    a - +0 shortbow
rCold   . . .      Faith    .    (shield currently unavailable)
rNeg    . . .      Spirit   .    c - +0 robe
rPois   .          Reflect  .    (helmet restricted)
rElec   .          Harm     .    (no cloak)
rCorr   .          Rampage  .    (gloves unavailable)
Will    .....                    (boots unavailable)
Stlth   ++                       (no amulet)
HPRegen 0.24/turn                (no ring)
MPRegen 0.10/turn                (no ring)

@: very quick
A: very small, no large weapons, unfitting armour, see invisible, speed 3
a: no special abilities


You were on level 3 of the Dungeon.
You visited 1 branch of the dungeon, and saw 3 of its levels.

You collected 127 gold pieces.

Inventory:

Hand Weapons
 a - a +0 shortbow (weapon)
 j - a +1 vampiric dagger
Missiles
 k - 6 boomerangs
 q - 21 stones
Armour
 c - a +0 robe (worn)
Wands
 s - a wand of polymorph (8)
 w - a wand of paralysis (4)
Scrolls
 b - a scroll of immolation
 e - 2 scrolls of poison {unknown}
 g - 6 scrolls of identify {unknown}
 h - 2 scrolls of magic mapping {unknown}
 l - a scroll of noise {unknown}
 n - a scroll of silence {unknown}
 o - a scroll of fear {unknown}
 r - a scroll of enchant armour {unknown}
 t - a scroll of enchant weapon {unknown}
 x - a scroll of torment {unknown}
Potions
 d - a potion of brilliance {unknown}
 f - 3 potions of curing {unknown}
 i - 2 potions of mutation {unknown}
 m - a potion of magic {unknown}
 p - a potion of attraction {unknown}
 u - a potion of might {unknown}
 v - a potion of haste {unknown}


   Skills:
 + Level 1.9 Fighting
 + Level 6.4 Ranged Weapons
 + Level 3.1 Dodging
 + Level 2.3 Stealth


You had 4 spell levels left.
You didn't know any spells.
Your spell library was empty.

Dungeon Overview and Level Annotations

Branches:
Dungeon (3/15)

Altars:


Innate Abilities, Weirdness & Mutations

You are very small and have problems with some larger weapons.
You are too small for most types of armour.
You have supernaturally acute eyesight. (SInv)
You cover ground extremely quickly. (Speed+++)


Message History

a +0 club; 8 poisoned darts
Things that are here:
a +1 flail of draining; a gnoll corpse A kobold comes into view.
It is wielding a +0 dagger.
There is an open door here.
You shoot an arrow. The arrow completely misses the kobold.
You shoot an arrow. The arrow hits the kobold!
You kill the kobold!
You see here a +0 dagger.
A ball python comes into view.
You shoot an arrow.
The arrow barely misses the ball python.
You shoot an arrow.
The arrow closely misses the ball python.
You shoot an arrow. The arrow hits the ball python!
You kill the ball python!
No target in view!
A centaur comes into view.
You shoot an arrow.
The arrow hits the centaur but does no damage.
The centaur shouts!
The centaur wields a +0 shortbow.
The centaur shoots an arrow.
The arrow completely misses you.
The centaur shoots an arrow.
The arrow hits you!
You shoot an arrow. The arrow hits the centaur!
The centaur is heavily wounded.
The centaur shoots an arrow.
The arrow completely misses you.
You shoot an arrow. The arrow hits the centaur!
The centaur is almost dead.
The centaur shoots an arrow.
The arrow barely misses you.
The centaur shoots an arrow.
The arrow hits you!
You are too injured to fight recklessly!
You are too injured to fight recklessly!
Fire: a) +0 shortbow
Press: ? - help, Q - select action, (/) - cycle Shift-Dir - straight line, f/p - centaur
Aim: a centaur, wielding a +0 shortbow (almost dead, 75% to hit)
You shoot an arrow. The arrow barely misses the centaur.
The centaur shoots an arrow.
The arrow hits you!
Ouch! That really hurt!
You die...

# #.# #.# #
#.# #.# #
#.# #.#
#.######
###...## #
##.....##
##
##.......##
.#
#....#....#
.#
#...###@..#
.## #...#
#†..#
..####
#...# #...#
#....#
#...# #...#
####.##
#...# #...#
#..## #...#
#...#
##..###...#
#...#
##..##...#
#c..#
##.##.).#


You could see a centaur.

Vanquished Creatures
  Jessica (D:3)
  8 gnolls
  2 adders (D:2)
  2 worms
  A dart slug (D:1)
  4 orcs (D:2)
  4 endoplasms
  2 giant cockroaches (D:3)
  6 goblins
  3 hobgoblins
  7 jackals
  2 quokkas (D:1)
  3 ball pythons
  4 bats
  A frilled lizard (D:2)
  10 kobolds
  4 rats
64 creatures vanquished.

Vanquished Creatures (others)
  2 plants (D:1)
  5 withered plants (D:1)
7 creatures vanquished.

Grand Total: 71 creatures vanquished

Notes
Turn   | Place    | Note
-------+----------+-------------------------------------------
     0 | D:1      | sircluck the Spriggan Hunter began the quest for the Orb.
     0 | D:1      | Reached XP level 1. HP: 10/10 MP: 2/2
   106 | D:1      | Reached XP level 2. HP: 15/15 MP: 3/3
   384 | D:1      | Reached XP level 3. HP: 18/18 MP: 4/4
   671 | D:1      | Found a faded altar of an unknown god.
   731 | D:1      | Reached skill level 5 in Ranged Weapons
  1165 | D:2      | Reached XP level 4. HP: 23/23 MP: 5/5
  1227 | D:2      | HP: 1/23 [poisoned by an adder]
  1636 | D:3      | Noticed Jessica
  1638 | D:3      | Killed Jessica
  1639 | D:3      | Reached skill level 6 in Ranged Weapons
  1639 | D:3      | Reached XP level 5. HP: 26/26 MP: 6/6
  2022 | D:3      | Noticed a centaur
  2026 | D:3      | Shot with an arrow by a centaur

Illustrated notes

Levels and vault maps discovered:
D:1:      psy_arrival_conway, layout_loops_corners,
          shapermc_ecumenical_altar_flowoftime
D:2:      layout_rooms
D:3:      layout_basic, small_statue_intersection, nrook_uturn, uniq_jessica

Skill      XL: |  1  2  3  4 |
---------------+-------------+-----
Ranged Weapons | 5 6 |  6.4
Dodging        | 3 |  3.1
Stealth        | 2 |  2.3
Fighting       | |  1.9

Action                     |  1- 3 |  4- 6 || total
---------------------------+-------+-------++-------
   Fire: Shortbow          |    86 |    81 ||   167
 Armour: Robe              |     2 |     7 ||     9
  Dodge: Dodged            |    18 |    60 ||    78

Table legend: (Time is in decaauts)
 A = Elapsed time spent in this place.
 B = Non-inter-level travel time spent in this place.
 C = Inter-level travel time spent in this place.
 D = Time resting spent in this place.
 E = Time spent auto-exploring this place.
 F = Levels seen in this place.
 G = Mean time per level.
                   A        B        C        D        E       F      G
               +--------+--------+--------+--------+--------+-----+--------+
         Total |   1431 |   1414 |     17 |      0 |    977 |   3 |  477.0 |
       Dungeon |   1431 |   1414 |     17 |      0 |    977 |   3 |  477.0 |
               +--------+--------+--------+--------+--------+-----+--------+

Top non-repeatable levels by time:
     D:1: 624 daAuts
     D:2: 418 daAuts
     D:3: 389 daAuts
